Cogmind - Beta 9.1 @@@ ROGUE MODE // 2019.11.03 @ 19:50:21 Player: Ldd Styx Result: Destroyed by G-34 Mercenary with Small Laser Performance ------------- Evolutions (0) 0 Regions Visited (1) 200 Robots Destroyed (12) 60 Value Destroyed (211) 211 Prototype IDs (0) 0 Alien Tech Used (0) 0 Bonus (0) 0 TOTAL SCORE: 471 Bonus ------- None Cogmind --------- Core Integrity 0/250 Matter 186/300 Energy 81/125 System Corruption 0% Temperature Cool (280) Location -10/Materials Parts ------- Power (1) Light Ion Engine Propulsion (2) Light Treads Light Treads Utility (2) Large Storage Unit Large Storage Unit Weapon (2) Shotgun Shotgun Inventory (16) Large Storage Unit Large Battery (300) Core Shielding Hardened Light Armor Plating Hardened Light Armor Plating Hardened Light Armor Plating Hardened Light Armor Plating Beam Rifle Beam Rifle Peak State ------------ Power Ion Engine Propulsion Aluminum Leg Aluminum Leg Utility Large Storage Unit Large Storage Unit Weapon Shotgun Shotgun Inventory Ion Engine Ion Engine Light Treads Light Treads Small Storage Unit Large Storage Unit Large Battery Core Shielding EM Pulse Gun Small Laser Small Laser Beam Rifle Beam Rifle Beam Rifle Shotgun Shotgun [Rating: 11] Favorites ----------- Power Ion Engine Engine Ion Engine Propulsion Aluminum Leg Treads Light Treads Leg Aluminum Leg Utility Large Storage Unit Storage Large Storage Unit Protection Core Shielding Weapon Shotgun Energy Gun Small Laser Ballistic Gun Shotgun Build | -11 -10 ------- Run | Scr Mat Slots Evolved . | . . Power . | . . Propulsion . | . . Utility . | . . Weapon . | . . Parts Attached 22 | 7 15 Power 3 | 1 2 Engine 3 | 1 2 Core . | . . Reactor . | . . Propulsion 6 | 2 4 Treads 4 | . 4 Leg 2 | 2 . Wheel . | . . Hover . | . . Flight . | . . Utility 4 | 1 3 Device . | . . Storage 3 | 1 2 Processor . | . . Hackware . | . . Protection 1 | . 1 Artifact . | . . Weapon 9 | 3 6 Energy Gun 5 | 3 2 Energy Cannon . | . . Ballistic Gun 4 | . 4 Ballistic Cannon . | . . Launcher . | . . Special Weapon . | . . Impact Weapon . | . . Slashing Weapon . | . . Piercing Weapon . | . . Special Melee Weapon . | . . Unidentified Prototypes . | . . Parts Lost 7 | . 7 Power 1 | . 1 Propulsion 2 | . 2 Utility . | . . Weapon 4 | . 4 Highest Loss Streak 7 | . 7 Average Slot Usage (%) 96 | . 96 Engine 13 | . 13 Treads 5 | . 5 Leg 21 | . 21 Storage 26 | . 26 Protection 1 | . 1 Energy Gun 9 | . 9 Ballistic Gun 17 | . 17 Naked Turns . | . . Heaviest Build 43 | 12 43 Greatest Support 40 | 20 40 Greatest Overweight (x) 2 | 1 2 Average Overweight (x) . | . 1 Largest Inventory Capacity 16 | 6 16 Average Capacity 13 | 5 14 Most Carried 16 | 6 16 Average Carried 11 | 2 12 Final Capacity 16 | 6 16 Final Carried 9 | 6 9 Class Distribution -------------------- 100% | Mutant Dominant Class ---------------- Mutant | -10/Materials Resources | -11 -10 ----------- Run | Scr Mat Matter Collected 378 | 224 154 Remotely . | . . Salvage Created 265 | . 265 Parts 23 | . 23 Haulers Intercepted . | . . Recyclers Shooed . | . . Parts Field Recycled . | . . Retrieved Matter . | . . Parts Self-Destructed . | . . Prevented . | . . Kills | -11 -10 ------- Run | Scr Mat Combat Hostiles Destroyed 8 | . 8 Guns 8 | . 8 Classes Destroyed 4 | . 4 Tunneler 2 | . 2 Watcher 2 | . 2 Swarmer 5 | . 5 Grunt 3 | . 3 Best Kill Streak 6 | . 6 Combat Bots Only 3 | . 3 Max Kills in Single Turn 1 | . 1 Gunslinging . | . . Exploded . | . . Melee . | . . Uniques/NPCs Destroyed . | . . Combat | -11 -10 -------- Run | Scr Mat Damage Taken 1445 | . 1445 Core 250 | . 250 Absorbed by Shields . | . . Core Remaining (%) 100 | 100 . Volleys Fired 32 | . 32 Largest 2 | . 2 Hottest 112 | . 112 Shots Fired 60 | . 60 Gun 60 | . 60 Cannon . | . . Launcher . | . . Special . | . . Kinetic 48 | . 48 Thermal 12 | . 12 Explosive . | . . Electromagnetic . | . . Robot Hit Streak 6 | . 6 Robot Miss Streak 5 | . 5 Penetration Max . | . . Secondary Targets 1 | . 1 Max Gunslinging Chain 1 | . 1 Shots Hit Robots 43 | . 43 Core Hits 18 | . 18 Critical Hits . | . . Critical Kills . | . . Critical Parts Destroyed . | . . Melee Attacks . | . . Impact . | . . Slashing . | . . Piercing . | . . Sneak Attacks . | . . Combat Hostiles . | . . Follow-up Attacks . | . . Damage Inflicted 556 | . 556 Guns 556 | . 556 Cannons . | . . Explosions . | . . Melee . | . . Ramming . | . . Kinetic 410 | . 410 Thermal 146 | . 146 Explosive . | . . Electromagnetic . | . . Impact . | . . Slashing . | . . Piercing . | . . Highest Corruption . | . . Average Corruption . | . . Corruption Purged . | . . Overload Shots . | . . Overflow Damage . | . . Projectiles . | . . Explosions . | . . Melee . | . . Knockbacks . | . . Impact . | . . Kinetic . | . . Secondary . | . . Self-Inflicted Damage . | . . Shots . | . . Rammed . | . . Targets Rammed . | . . Kicked . | . . Crushed . | . . Highest Temperature 346 | . 346 Average Temperature 141 | . 141 Received Heat Transfer 687 | . 687 Effects 3 | . 3 Shutdowns 1 | . 1 Interference 1 | . 1 Short Circuit 1 | . 1 Siege Activations . | . . Robots Corrupted . | . . Combat Hostiles . | . . Parts Fried . | . . Impact Corruptions . | . . Robots Melted . | . . Combat Hostiles . | . . Parts Melted . | . . Heat Transferred 370 | . 370 Parts Sabotaged . | . . Parts Stolen . | . . Parts Stripped . | . . Power Chain Reactions . | . . Missiles Intercepted . | . . Alert | -11 -10 ------- Run | Scr Mat Peak Influence 184 | . 184 Average Influence 59 | . 68 Maximum Alert Level . | . . Low Security (%) 100 | . . Level 1 . | . . Level 2 . | . . Level 3 . | . . Level 4 . | . . Level 5 . | . . High Security . | . . Max Security . | . . Squads Dispatched 2 | . 2 Investigation 2 | . 2 Extermination . | . . Reinforcement . | . . Assault . | . . Garrison . | . . Intercept . | . . Construction Impeded . | . . Haulers Reinforced . | . . Stealth | -11 -10 --------- Run | Scr Mat Distress Signals 1 | . 1 Communications Jammed . | . . Distress Signals . | . . Times Spotted 18 | . 18 Peak Tracking Total 9 | . 9 Tactical Retreats . | . . Traps | -11 -10 ------- Run | Scr Mat Traps Triggered 1 | . 1 Indirectly . | . . Trap Hack Attempts . | . . Triggered . | . . Disarmed . | . . Reprogrammed . | . . Reused . | . . Traps Extracted . | . . Installed . | . . Triggered . | . . Machines | -11 -10 ---------- Run | Scr Mat Machines Disabled . | . . Max in Single Turn . | . . Machines Sabotaged . | . . Garrisons Compromised . | . . Overloaded Fab Kills . | . . Fab Network Shutdowns . | . . Hacking | -11 -10 --------- Run | Scr Mat Machines Accessed 2 | . 2 Terminals . | . . Fabricators . | . . Repair Stations . | . . Recycling Units 2 | . 2 Scanalyzers . | . . Garrison Access . | . . Total Hacks 4 | . 4 Successful 4 | . 4 Failed . | . . Catastrophic . | . . Database Lockouts . | . . Manual . | . . Terminals . | . . Fabricators . | . . Repair Stations . | . . Recycling Units 4 | . 4 Scanalyzers . | . . Garrison Access . | . . Terminal Hacks . | . . Fabricator Hacks . | . . Repair Station Hacks . | . . Recycling Unit Hacks 4 | . 4 Process 1 | . 1 Report Inventory 2 | . 2 Retrieve Matter 1 | . 1 Scanalyzer . | . . Garrison Access Hacks . | . . Unauthorized Hacks . | . . Terminals . | . . Fabricators . | . . Repair Stations . | . . Recycling Units . | . . Scanalyzers . | . . Garrison Access . | . . Data Cores Recovered . | . . Used . | . . Hacking Detections 1 | . 1 Full Trace Events 1 | . 1 Feedback Events . | . . Feedback Blocked . | . . Robot Schematics Acquired . | . . Robots Built . | . . Matter . | . . Time . | . . Total Robot Build Rating . | . . Part Schematics Acquired . | . . Parts Built . | . . Matter . | . . Time . | . . Total Part Build Rating . | . . Parts Repaired . | . . Time . | . . Parts Recycled . | . . Recycled Matter 85 | . 85 Retrieved Matter 85 | . 85 Retrieved Components . | . . Parts Scanalyzed . | . . Part Schematics Acquired . | . . Parts Damaged . | . . Bothacking | -11 -10 ------------ Run | Scr Mat Used RIF Installer . | . . Robots Hacked . | . . Non-combat . | . . Combat . | . . Robot Hacks Applied . | . . Relay Couplers Released . | . . Robots Rewired . | . . Allies Hacked . | . . Hacks Repelled . | . . Allies | -11 -10 -------- Run | Scr Mat Total Allies . | . . Largest Group . | . . Highest-Rated Group . | . . Highest-Rated Ally . | . . Total Orders . | . . Ally Attacks . | . . Total Damage . | . . Kills . | . . Allies Corrupted . | . . Allies Melted . | . . Intel | -11 -10 ------- Run | Scr Mat Robot Analysis Total . | . . Derelict Logs Recovered . | . . Drone Launches . | . . Drone Recoveries . | . . Exploration | -11 -10 ------------- Run | Scr Mat Turns Passed 503 | 71 432 Spaces Moved 211 | 46 165 Core 4 | 4 . Treads 22 | . 22 Legs 185 | 42 143 Wheels . | . . Hover . | . . Flight . | . . Fastest Speed 50 | 50 120 Average Speed 151 | 119 159 Slowest Speed 200 | 150 200 Overloaded Moves . | . . Propulsion Burnouts . | . . Robots Hopped . | . . Cave-ins Triggered . | . . Exploration Rate (%) 19 | 3 35 Regions Visited 1 Branch Regions . Pre-discovered Areas . | . . Known Exits Taken . | . . Unknown Exits Taken 1 | 1 . Scrap Searched . | . . Spaces Dug . | . . Terrain Destroyed . | . . Melee . | . . Projectile . | . . AOE . | . . Actions | -11 -10 --------- Run | Scr Mat Total 334 | 58 276 Wait 28 | . 28 Move 210 | 45 165 Hop . | . . Pick Up 29 | 6 23 Fast Attach 7 | 6 1 Attach 8 | . 8 Detach . | . . Swap 7 | 1 6 Drop 13 | . 13 Fire 32 | . 32 Melee . | . . Ram . | . . Kick . | . . Crush . | . . Escape Stasis . | . . Rewire . | . . Trap . | . . Miscellaneous . | . . Route ------- -11/Scrapyard -10/Materials History --------- Turn | Location | Event 18 | -11/Scrapyard | Discovered new exit (range 15) 72 | -11/Scrapyard | Entered Materials 303 | -10/Materials | Build established: Mutant 464 | -10/Materials | Core integrity fell below 50% 488 | -10/Materials | Core integrity fell below 20% 504 | -10/Materials | Destroyed by G-34 Mercenary with Small Laser Last Messages --------------- 00474_ T-07 Excavator destroyed. 00475_ Lgt. Treads destroyed. 00477_ K-01 Serf collects debris. 00480_ G-34 Mercenary destroyed. 00483_ Lgt. Ion Engine destroyed. 00485_ K-01 Serf collects debris. 00486_ Beam Rifle destroyed. 00486_ T-07 Excavator destroyed. 00488_ K-01 Serf collects debris. 00489_ Lgt. Treads destroyed. 00489_ Beam Rifle destroyed. 00491_ K-01 Serf collects debris. 00494_ Overheating: Short circuit. 00494_ Shotgun permanently disabled. 00497_ K-01 Serf collects debris. 00497_ G-34 Mercenary destroyed. 00498_ Power failure, Lgt. Ion Engine shutdown. 00498_ Overheating: System interference. 00498_ Shotgun temporarily disabled. 00502_ K-01 Serf collects debris. Map ----- +----------------------------------------------------+ | ??????????????????????????????????????????? | | ??????????????????????????????????????????? | | ??????????????????????????????????????????? | | ??????????????????????????????????????????? | | ??????????????????????????????????????????? | | ??????????????????????????????????????????? | | ??????????????????????????????????????????? | | ??????????????????????????????????????????? | | ??????????????????????????????????????????? | | ??????????????????????????????????????????? | | ???????????????? ???????????????????????? | | ??????????????? ???????????????????????? | | ??????????????? ???????????????????????? | | ???????????????# ???????????????????????? | | ???????????????# #???????????????????#??? | | ???????????????# #???????????????????? ?? | | ???????????????# #??????????????????## ## | | ???????????????#u #??????????????????? | | ???????????????# #?????????????????????# | | ???????????????# #?????????????????????# | | ???????????????# #??????########+####### | | ???????????????#u #??????# | | ???????????????# #????### | | ???????????????# #????#"" | | ???????????????# k*#????#"Y | | ???????????????#!%@#????#"" | | ???????????????#gkg######## = ! | | ???????????????#=g=[ ==/ * ** | | ???????????????#!g g ! / *** | | ???????????????# / ** | | ???????????????# ######### #" ""####"T"# | | ?????????????? + #???????# #"R""#??#"""# | | ????????????"" # #???????# #""" #??##### | | ???????????""" # #???????#+######??????# | | ??????????? ?# #?????????????????????# | | ??????????###??# #?????????????????????# | | ???????????????# +?????????????????????# | | ???????????????# #????????????????????? | | ???????????????# #????????????????????? | | ??????????????? ??????????????????????? | | ??????????????? ???????????????????????? | | ??????????????? ???????????????????????? | | ????????????????+##???????????????????????? | | ??????????????????????????????????????????? | | ??????????????????????????????????????????? | | ??????????????????????????????????????????? | | ??????????????????????????????????????????? | | ??????????????????????????????????????????? | | ??????????????????????????????????????????? | | ??????????????????????????????????????????? | +----------------------------------------------------+ Best States ------------- Heat Dissipation 25 Energy Generation 10 Energy Capacity 250 Matter Stores 254 Matter Capacity 300 Sight Range 16 Terrain Scan Density 10 Core Shielding 20 Evasion (%) 40 Recoil Reduction 2 Item Schematics ----------------- None Robot Schematics ------------------ None Fabricated ------------ Nothing Alien Tech Used ----------------- None Achievements -------------- None Challenges ------------ None Game ------ Seed RocketEnhancedFrame Manual? 0 Play Time 00:12:20 Cumulative 6.1 hours Start 2019.11.03 @ 19:34:34 End 2019.11.03 @ 19:50:21 Sessions 1 Manual Loads 0 Difficulty Rogue Special Mode None Game No. 4 Rogue 4 Adventurer 0 Explorer 0 Win Type - Total 0 Types 0/0/0/0/0/0/0 Lore% 2 Gallery% 8 Achievement% 9 Wizard Run 0 Options --------- ASCII 0 Keyboard 0 Movement Arrows Keybinds 0 Fullscreen 1 Font 18/SmallcapsGlow Map View 76x50 Tactical HUD 1 Map Filters NONE Filters NONE Steam 0 RUN: 53220672-f5fe-480c-b858-55bb424c334c